PBL
OAKLAND ATHLETICS @ COLORADO ROCKIES
03/23/2071
 
TOP OF THE 1ST
Oakland Athletics batting - Pitching for Colorado Rockies : RHP Guillermo Hernández
Pitching: RHP Guillermo Hernández
Batting: RHB Clarence Jones 0-0: Called Strike
0-1: Swinging Strike
0-2: Ball
1-2: Strikes out swinging
Batting: RHB Ed Burch 0-0: SINGLE (Line Drive, 4MD, EV 109.4 MPH)
Batting: LHB Félix Castillo 0-0: Fly out, F8 (Flyball, 8LM, EV 82.5 MPH)
Batting: LHB José Pelingo 0-0: Ball
1-0: Called Strike
1-1: Fly out, F7 (Flyball, 7D, EV 105.6 MPH)
Top of the 1st over - 0 runs, 1 hit, 0 errors, 1 left on base; Oakland 0 - Colorado 0
BOTTOM OF THE 1ST
Colorado Rockies batting - Pitching for Oakland Athletics : LHP Craig Brooks
Pitching: LHP Craig Brooks
Batting: LHB Ángel Hernández 0-0: Called Strike
0-1: Ball
1-1: Foul Ball, location: 5SF
1-2: Foul Ball, location: 7LDF
1-2: Foul Ball, location: 3FF
1-2: Foul Ball, location: 2F
1-2: Ground out 4-3 (Groundball, 34D, EV 98.8 MPH)
Batting: RHB Ryan Russell 0-0: Called Strike
0-1: Called Strike
0-2: Ball
1-2: Strikes out swinging
Batting: RHB Chip Smith 0-0: Ball
1-0: Ball
2-0: Called Strike
2-1: Ball
3-1: Swinging Strike
3-2: Strikes out swinging
Bottom of the 1st over - 0 runs, 0 hits, 0 errors, 0 left on base; Oakland 0 - Colorado 0
TOP OF THE 2ND
Oakland Athletics batting - Pitching for Colorado Rockies : RHP Guillermo Hernández
Batting: LHB Roberto Canó 0-0: Called Strike
0-1: Fly out, F9 (Flyball, 9LS, EV 83.8 MPH)
Batting: RHB José Delgado 0-0: Ball
1-0: Ball
2-0: Ball
3-0: Base on Balls
Batting: RHB Tom Yarbrough 0-0: Ball
José Delgado steals 2nd base
1-0: Swinging Strike
1-1: Swinging Strike
1-2: Strikes out looking
Batting: RHB Chester Edwards 0-0: Called Strike
0-1: Ball
1-1: Swinging Strike
1-2: Foul Ball, location: 2F
1-2: Ball
Wild Pitch!
José Delgado to third
2-2: Strikes out swinging
Top of the 2nd over - 0 runs, 0 hits, 0 errors, 1 left on base; Oakland 0 - Colorado 0
BOTTOM OF THE 2ND
Colorado Rockies batting - Pitching for Oakland Athletics : LHP Craig Brooks
Batting: RHB Clyde Walmsley 0-0: Foul Ball, location: 9LDF
0-1: Foul Ball, location: 3SF
0-2: Ball
1-2: Foul Ball, location: 3F
1-2: Ball
2-2: Strikes out swinging
Batting: RHB Felipe Andrade 0-0: Foul Ball, location: 9LMF
0-1: Ball
1-1: Foul Ball, location: 2F
1-2: Ball
2-2: Ball
3-2: DOUBLE (Line Drive, 78D, EV 100.6 MPH)
Batting: RHB Patrick Hammond 0-0: Reached on error, E5 (Groundball, 25, EV 91.9 MPH)
Felipe Andrade to third
Batting: SHB William Pearson 0-0: Ball
1-0: Ball
2-0: Swinging Strike
2-1: Ball
3-1: Swinging Strike
3-2: Strikes out looking
Batting: RHB Cedric McNeill 0-0: SINGLE (Line Drive, 4D, EV 98.1 MPH)
Felipe Andrade scores
Patrick Hammond to third
Runner from 3rd tries for Home, SAFE, throw by RF to home
Batting: RHB Rubén Alaniz 0-0: Ball
1-0: Called Strike
1-1: Fly out, F7 (Flyball, 7LSF, EV 85.6 MPH)
Bottom of the 2nd over - 2 runs, 2 hits, 1 error, 1 left on base; Oakland 0 - Colorado 2
TOP OF THE 3RD
Oakland Athletics batting - Pitching for Colorado Rockies : RHP Guillermo Hernández
Batting: RHB Matt Farley 0-0: Foul Ball, location: 2F
0-1: Ground out 1-3 (Groundball, 34S, EV 68.8 MPH)
Batting: RHB Clarence Jones 0-0: Ball
1-0: Ball
2-0: Called Strike
2-1: Bunt missed!
2-2: Ball
3-2: Foul Ball, location: 23F
3-2: Foul Ball, location: 3DF
3-2: Base on Balls
Batting: RHB Ed Burch 0-0: Ball
1-0: Fly out, F8 (Flyball, 8RD, EV 98.8 MPH)
Batting: LHB Félix Castillo 0-0: Ball
1-0: Ground out 1-3 (Groundball, 34S, EV 68.1 MPH)
Top of the 3rd over - 0 runs, 0 hits, 0 errors, 1 left on base; Oakland 0 - Colorado 2
BOTTOM OF THE 3RD
Colorado Rockies batting - Pitching for Oakland Athletics : LHP Craig Brooks
Batting: LHB Ángel Hernández 0-0: Foul Ball, location: 2F
0-1: Ball
1-1: Foul Ball, location: 7LDF
1-2: Foul Ball, location: 25F
1-2: Foul Ball, location: 2F
1-2: Foul Ball, location: 2LF
1-2: SINGLE (Line Drive, 6D, EV 101.3 MPH)
Batting: RHB Ryan Russell 0-0: Ball
1-0: Ball
2-0: Called Strike
2-1: Foul Ball, location: 5F
2-2: Foul Ball, location: 23F
2-2: Fielders Choice at 2nd, 6-4 (Groundball, 56, EV 100.6 MPH)
Batting: RHB Chip Smith 0-0: Called Strike
0-1: Ball
1-1: Swinging Strike
1-2: Foul Ball, location: 2F
1-2: Foul Ball, location: 23F
1-2: Strikes out swinging
Batting: RHB Clyde Walmsley 0-0: Ball
1-0: Foul Ball, location: 9LSF
1-1: Called Strike
1-2: SINGLE (Flyball, 89M, EV 94.4 MPH)
Ryan Russell to second
Batting: RHB Felipe Andrade 0-0: Ball
1-0: Ball
2-0: Ball
3-0: Called Strike
3-1: Swinging Strike
3-2: Foul Ball, location: 2F
3-2: Ground out 5-3 (Groundball, 56S, EV 88.8 MPH)
Bottom of the 3rd over - 0 runs, 2 hits, 0 errors, 2 left on base; Oakland 0 - Colorado 2
TOP OF THE 4TH
Oakland Athletics batting - Pitching for Colorado Rockies : RHP Guillermo Hernández
Batting: LHB José Pelingo 0-0: Ball
1-0: Ground out 4-3 (Groundball, 4, EV 83.8 MPH)
Batting: LHB Roberto Canó 0-0: Ball
1-0: Ball
2-0: Foul Ball, location: 2F
2-1: Ball
3-1: Called Strike
3-2: Foul Ball, location: 2F
3-2: Foul Ball, location: 2F
3-2: Strikes out looking
Batting: RHB José Delgado 0-0: Ball
1-0: Ball
2-0: Called Strike
2-1: Ball
3-1: Fly out, F8 (Flyball, 8LS, EV 88.8 MPH)
Top of the 4th over - 0 runs, 0 hits, 0 errors, 0 left on base; Oakland 0 - Colorado 2
BOTTOM OF THE 4TH
Colorado Rockies batting - Pitching for Oakland Athletics : LHP Craig Brooks
Pitching: RHP Darryl Davis
Batting: RHB Patrick Hammond 0-0: Called Strike
0-1: Foul Ball, location: 2F
0-2: Foul Ball, location: 23FF
0-2: Strikes out looking
Batting: SHB William Pearson 0-0: Called Strike
0-1: Foul Ball, location: 23F
0-2: Ball
1-2: Fly out, F3 (Popup, 3SF, EV 66.9 MPH)
Batting: RHB Cedric McNeill 0-0: Ball
1-0: Ball
2-0: Ball
3-0: Called Strike
3-1: Foul Ball, location: 9LSF
3-2: SINGLE (Groundball, 34D, EV 100.0 MPH)
Batting: RHB Rubén Alaniz 0-0: Ball
1-0: Called Strike
1-1: Fly out, F9 (Flyball, 9LM, EV 86.9 MPH)
Bottom of the 4th over - 0 runs, 1 hit, 0 errors, 1 left on base; Oakland 0 - Colorado 2
TOP OF THE 5TH
Oakland Athletics batting - Pitching for Colorado Rockies : RHP Guillermo Hernández
Now at 3B: José Hernández
Now in CF: Roberto Marín
Now in RF: Kokei Kobayashi
Batting: RHB Tom Yarbrough 0-0: Called Strike
0-1: Fly out, F4 (Popup, 4M, EV 53.1 MPH)
Batting: RHB Chester Edwards 0-0: Called Strike
0-1: Called Strike
0-2: Foul Ball, location: 2F
0-2: Strikes out swinging
Batting: RHB Matt Farley 0-0: Called Strike
0-1: Called Strike
0-2: Strikes out swinging
Top of the 5th over - 0 runs, 0 hits, 0 errors, 0 left on base; Oakland 0 - Colorado 2
BOTTOM OF THE 5TH
Colorado Rockies batting - Pitching for Oakland Athletics : RHP Darryl Davis
Pitching: RHP Theodore Rigsby
Now at C: Calvin Baird
Now at 3B: Pablo Ayala
Now at SS: Jorge Ibarra
Batting: LHB Ángel Hernández 0-0: Ball
1-0: Fly out, F9 (Flyball, 89D, EV 100.6 MPH)
Pinch Hitting: SHB David Rose 0-0: Ball
1-0: Called Strike
1-1: Swinging Strike
1-2: DOUBLE (Line Drive, 7LM, EV 106.3 MPH)
Batting: LHB Kokei Kobayashi 0-0: Swinging Strike
0-1: Ground out 5-3 (Groundball, 5, EV 81.9 MPH)
Batting: RHB Clyde Walmsley 0-0: Called Strike
0-1: Fly out, F7 (Flyball, 7D, EV 103.1 MPH)
Bottom of the 5th over - 0 runs, 1 hit, 0 errors, 1 left on base; Oakland 0 - Colorado 2
TOP OF THE 6TH
Oakland Athletics batting - Pitching for Colorado Rockies : RHP Guillermo Hernández
Pitching: RHP Juan Ramos
Now at 2B: David Rose
Now at SS: Glenn Greene
Now in LF: Dennis Dailey
Pinch Hitting: LHB Eric Dodd 0-0: Ground out 4-3 (Groundball, 4, EV 83.8 MPH)
Pinch Hitting: RHB Dylan Zobrist 0-0: Ball
1-0: Swinging Strike
1-1: Ball
2-1: Foul Ball, location: 2F
2-2: Ball
3-2: Strikes out looking
Pinch Hitting: SHB Steve Howard 0-0: Foul Ball, location: 3DF
0-1: Ball
1-1: SINGLE (Groundball, 4MD, EV 106.9 MPH)
Batting: LHB Pablo Gonzáles 0-0: Ball
1-0: Ball
2-0: Called Strike
2-1: Foul Ball, location: 2F
2-2: Fly out, F3 (Popup, 3SF, EV 77.5 MPH)
Top of the 6th over - 0 runs, 1 hit, 0 errors, 1 left on base; Oakland 0 - Colorado 2
BOTTOM OF THE 6TH
Colorado Rockies batting - Pitching for Oakland Athletics : RHP Theodore Rigsby
Pitching: LHP Dick Anderson
Now at 2B: Dylan Zobrist
Now at SS: Jim Miller
Now in LF: Steve Howard
Batting: LHB Darren Phelps 0-0: Ball
1-0: Called Strike
1-1: Called Strike
1-2: Fly out, F8 (Flyball, 8RD, EV 108.1 MPH)
Batting: RHB Patrick Hammond 0-0: SINGLE (Line Drive, 7S, EV 98.8 MPH)
Batting: RHB José Hernández 0-0: Called Strike
0-1: Ball
1-1: Ball
2-1: Fly out, F7 (Flyball, 7D, EV 91.3 MPH)
Batting: RHB Dennis Dailey 0-0: Called Strike
0-1: Swinging Strike
0-2: Strikes out looking
Bottom of the 6th over - 0 runs, 1 hit, 0 errors, 1 left on base; Oakland 0 - Colorado 2
TOP OF THE 7TH
Oakland Athletics batting - Pitching for Colorado Rockies : RHP Juan Ramos
Pitching: RHP Mike O'Brien
Now at 1B: Forbes Utting
Pinch Hitting: RHB Roberto Morán 0-0: SINGLE (Groundball, 34D, EV 106.3 MPH)
Batting: RHB Calvin Baird 0-0: Called Strike
0-1: Foul Ball, location: 3FF
0-2: Strikes out swinging
Batting: RHB Pablo Ayala 0-0: Called Strike
0-1: Called Strike
0-2: Fielders Choice at 2nd, 1-4 (Groundball, 15S, EV 62.5 MPH)
Pinch Hitting: RHB Lee Collins 0-0: Swinging Strike
0-1: Ball
1-1: Ball
2-1: SINGLE (Flyball, 8RS, EV 94.4 MPH)
Pablo Ayala to second
Runner from 2nd tries for 3rd, SAFE, throw by CF made to third
Pinch Hitting: RHB Paul Wever 0-0: Ball
1-0: Called Strike
1-1: Swinging Strike
1-2: SINGLE (Groundball, 6MD, EV 100.6 MPH)
Pablo Ayala scores
Lee Collins to second
Batting: RHB Jim Miller 0-0: Ball
1-0: Foul Ball, location: 7LMF
1-1: Foul Ball, location: 3F
1-2: Ball
2-2: Ball
3-2: Strikes out swinging
Top of the 7th over - 1 run, 3 hits, 0 errors, 2 left on base; Oakland 1 - Colorado 2
BOTTOM OF THE 7TH
Colorado Rockies batting - Pitching for Oakland Athletics : LHP Dick Anderson
Pitching: RHP Ignacio Salazar
Now at 1B: Brandon Veeck
Now in CF: Roberto Morán
Now in RF: Paul Wever
Batting: RHB Roberto Marín 0-0: SINGLE (Line Drive, 7S, EV 98.8 MPH)
Batting: RHB Glenn Greene 0-0: Bunted foul
0-1: Bunt missed!
0-2: Ball
1-2: Ball
2-2: Foul Ball, location: 2F
2-2: Fielders Choice at 2nd, 6-4 (Groundball, 56, EV 80.6 MPH)
Batting: SHB David Rose 0-0: Called Strike
0-1: Ball
1-1: SINGLE (Line Drive, 4MD, EV 98.8 MPH)
Glenn Greene to second
Batting: LHB Kokei Kobayashi 0-0: Called Strike
0-1: Ball
1-1: Foul Ball, location: 2F
1-2: Foul Ball, location: 2F
1-2: Foul Ball, location: 7LMFF
1-2: Ball
2-2: Strikes out swinging
Batting: SHB Forbes Utting 0-0: Swinging Strike
0-1: Swinging Strike
0-2: Strikes out looking
Bottom of the 7th over - 0 runs, 2 hits, 0 errors, 2 left on base; Oakland 1 - Colorado 2
TOP OF THE 8TH
Oakland Athletics batting - Pitching for Colorado Rockies : RHP Mike O'Brien
Pinch Hitting: RHB Rick Dixon 0-0: Ball
1-0: Foul Ball, location: 2F
1-1: Ground out 6-3 (Groundball, 6, EV 106.9 MPH)
Batting: SHB Steve Howard 0-0: Ball
1-0: Ball
2-0: SINGLE (Line Drive, 6MD, EV 102.5 MPH)
Batting: LHB Pablo Gonzáles 0-0: Called Strike
0-1: Foul Ball, location: 2F
0-2: Single, Error in OF, E7, batter to second base (Line Drive, 56D, EV 100.6 MPH)
Steve Howard to third
Pitching: RHP Barney Washington
Batting: RHB Roberto Morán 0-0: Ball
1-0: Ball
2-0: Ball
3-0: Called Strike
3-1: Base on Balls
Batting: RHB Calvin Baird 0-0: Ball
1-0: Ball
2-0: Called Strike
2-1: Foul Ball, location: 23F
2-2: Strikes out swinging
Batting: RHB Pablo Ayala 0-0: Ball
1-0: Ball
2-0: Fielders Choice at 2nd, 6-4 (Groundball, 56, EV 92.5 MPH)
Top of the 8th over - 0 runs, 2 hits, 1 error, 3 left on base; Oakland 1 - Colorado 2
BOTTOM OF THE 8TH
Colorado Rockies batting - Pitching for Oakland Athletics : RHP Ignacio Salazar
Pitching: RHP Ben Noble
Now at 2B: Rick Dixon
Batting: LHB Darren Phelps 0-0: Ball
1-0: Foul Ball, location: 2F
1-1: Ball
2-1: SINGLE (Line Drive, 4MD, EV 104.4 MPH)
Batting: RHB Patrick Hammond 0-0: Foul Ball, location: 2F
0-1: Foul Ball, location: 3F
0-2: Ball
1-2: Ball
2-2: SINGLE (Groundball, 6MD, EV 107.5 MPH)
Darren Phelps to second
Runner from 2nd tries for 3rd, SAFE, throw by CF made to third
Batting: RHB José Hernández 0-0: Called Strike
0-1: Ball
Patrick Hammond is caught stealing 2nd base 2-4
1-1: Intentional Walk
Pinch Hitting: LHB Shawn Ramírez 0-0: Ball
1-0: Ball
2-0: Foul Ball, location: 7LSF
2-1: Ball
3-1: Fly out, F7 (Flyball, 7LSF, EV 87.5 MPH)
Batting: RHB Roberto Marín 0-0: Fly out, F9 (Flyball, 9, EV 98.1 MPH)
Bottom of the 8th over - 0 runs, 2 hits, 0 errors, 2 left on base; Oakland 1 - Colorado 2
TOP OF THE 9TH
Oakland Athletics batting - Pitching for Colorado Rockies : RHP Barney Washington
Pitching: RHP Alfred Bailey
Now in LF: Oliver Montoya
Batting: RHB Brandon Veeck 0-0: Foul Ball, location: 5DF
0-1: Swinging Strike
0-2: Strikes out looking
Batting: RHB Paul Wever 0-0: Ball
1-0: Ball
2-0: Swinging Strike
2-1: Foul Ball, location: 3FF
2-2: Strikes out swinging
Batting: RHB Jim Miller 0-0: Ground out 5-3 (Groundball, 5, EV 110.6 MPH)
Top of the 9th over - 0 runs, 0 hits, 0 errors, 0 left on base; Oakland 1 - Colorado 2
Wednesday, April 3rd , 2024 - OOTP Baseball 24.10 Build 82